 Dungeon Crawl Stone Soup version 0.31-a0-1-g4198be8af4 (webtiles) character file.

Game seed: 3578566324533157754

2 elagabalus the Shield-Bearer (level 1, 16/16 HPs)
             Began as an Octopode Fighter on May 2, 2023.
             Quit the game on level 1 of the Dungeon.
             The game lasted 00:01:23 (96 turns).

elagabalus the Shield-Bearer (Octopode Fighter)       Turns: 96, Time: 00:01:24

Health: 16/16      AC:  1    Str: 15    XL:     1   Next: 40%
Magic:  1/1        EV: 13    Int: 10    God:
Gold:   19         SH:  4    Dex: 11    Spells: 0/0 levels left

rFire   . . .        a - +0 trident
rCold   . . .        b - +0 buckler
rNeg    . . .        (helmet restricted)
rPois   .            (no amulet)
rElec   .            (no ring)
rCorr   .            (no ring)
SInv    .            (no ring)
Will    .....        (no ring)
Stlth   ++           (no ring)
HPRegen 0.22/turn    (no ring)
MPRegen 0.07/turn    (no ring)
                     (no ring)

%: no passive effects
@: no status effects
A: almost no armour, amphibious, 8 rings, camouflage 1, gelatinous body 1,
(nimble swimmer 1), tentacles
a: no special abilities


You were on level 1 of the Dungeon.
You visited 1 branch of the dungeon, and saw 1 of its levels.

You collected 19 gold pieces.

Inventory:

Hand Weapons
 a - a +0 trident (weapon)
Armour
 b - a +0 buckler (worn)
Jewellery
 f - a ring of resist corrosion
Potions
 c - a potion of might
 d - a potion of haste {unknown}
 e - a potion of heal wounds {unknown}


   Skills:
 - Level 3.0 Fighting
 * Level 2.2 Polearms
 - Level 3.0 Dodging
 - Level 3.0 Shields


You couldn't memorise any spells.
You didn't know any spells.
Your spell library was empty.

Dungeon Overview and Level Annotations

Branches:
Dungeon (1/15)

Altars:


Innate Abilities, Weirdness & Mutations

You cannot wear most types of armour.
You are amphibious.
You can wear up to eight rings at the same time.
Your skin changes colour to match your surroundings (Stealth+).
Your rubbery body absorbs attacks. (AC +1, EV +1)
((You are camouflaged when in or above water. (Stealth+)))
You have tentacles for arms and can constrict up to eight enemies at once.


Message History

You now have 19 gold pieces (gained 6).
You see here a sedimented sapphire potion.
e - a sedimented sapphire potion
Found a blackened granite ring.
The kobold shouts!
The kobold throws a stone.
The stone closely misses you.
The kobold throws a stone.
The stone hits you.
The kobold throws a stone.
The stone misses you.
A hobgoblin comes into view.
The kobold throws a stone.
The stone barely misses you.
The kobold throws a stone.
The stone hits you.
Reach: a) +0 trident
Press: ? - help, Dir - move target, f - kobold
Aim: a kobold, wielding a +0 dagger and quivering stones (about 53% to evade your +0 trident)
You reach to attack!
You closely miss the kobold. You hit the kobold. You grab the kobold.
You squeeze the kobold.
You kill the kobold!
Reach: a) +0 trident
Press: ? - help, Dir - move target, f - hobgoblin
Aim: a hobgoblin (about 44% to evade your +0 trident)
You reach to attack!
You barely miss the hobgoblin. You closely miss the hobgoblin.
Your grab misses the hobgoblin. Your squeeze misses the hobgoblin.
The hobgoblin barely misses you. The hobgoblin closely misses you.
You barely miss the hobgoblin. Your grab misses the hobgoblin.
You squeeze the hobgoblin, but do no damage.
The hobgoblin hits you.
You completely miss the hobgoblin. You grab the hobgoblin.
You constrict the hobgoblin, but do no damage.
You block the hobgoblin's attack.
You hit the hobgoblin.
The hobgoblin is severely wounded.
You constrict the hobgoblin. The hobgoblin closely misses you.
You hit the hobgoblin.
You kill the hobgoblin!
Things that are here:
a +0 dagger; 4 stones
f - a ring of resist corrosion HP restored.
Are you sure you want to abandon this character and quit the game? (Confirm with "yes".)

..####### #.....#.# ........#
##########...###.#
........########............#
#.#
.................########...#
#.# ........########## #...#
#.# ..###.#### ##### #.# #.
#..).#### #.#
#...####....############ #.#
#...............@.......
###.#######.############ #...
#####


There were no monsters in sight!

Vanquished Creatures
  A hobgoblin (D:1)
  A ball python (D:1)
  A kobold (D:1)
3 creatures vanquished.

Notes
Turn   | Place    | Note
-------+----------+-------------------------------------------
     0 | D:1      | elagabalus the Octopode Fighter began the quest for the
                  | Orb.
     0 | D:1      | Reached XP level 1. HP: 16/16 MP: 1/1
    96 | D:1      | Quit the game

Illustrated notes

Levels and vault maps discovered:
D:1:      dpeg_arrival_shrine, layout_rooms

Action                     || total
---------------------------++-------
  Melee: Trident           ||     9
         Constrict         ||     2
         Tentacles         ||     2
   Stab: Sleeping          ||     1
  Dodge: Dodged            ||     6
  Block: Buckler           ||     1

Table legend: (Time is in decaauts)
 A = Elapsed time spent in this place.
 B = Non-inter-level travel time spent in this place.
 C = Inter-level travel time spent in this place.
 D = Time resting spent in this place.
 E = Time spent auto-exploring this place.
 F = Levels seen in this place.
 G = Mean time per level.
                   A        B        C        D        E       F      G
               +--------+--------+--------+--------+--------+-----+--------+
         Total |     97 |     33 |     64 |      0 |      0 |   1 |   97.0 |
       Dungeon |     97 |     33 |     64 |      0 |      0 |   1 |   97.0 |
               +--------+--------+--------+--------+--------+-----+--------+

Top non-repeatable levels by time:
     D:1: 97 daAuts
